 Dungeon Crawl Stone Soup version 0.22-a0-425-g89d60a1 (webtiles) character file.

2956 emperorscorpion the Quickloader (level 9, 0/71 HPs)
             Began as a Gnoll Hunter on May 25, 2018.
             Slain by a hellwing (7 damage)
             ... summoned by a kobold demonologist
             ... on level 8 of the Dungeon.
             The game lasted 00:14:14 (7434 turns).

emperorscorpion the Quickloader (Gnoll Hunter)      Turns: 7434, Time: 00:14:15

Health: 0/71       AC: 15    Str: 14    XL:     9   Next: 81%
Magic:  15/15      EV: 19    Int: 13    God:
Gold:   173        SH:  0    Dex: 18    Spells: 17/17 levels left

rFire    . . .     SeeInvis .   a - +3 long sword
rCold    . . .     Gourm    .   (no shield)
rNeg     . . .     Faith    +   x - +3 ring mail {rPois}
rPois    +         Spirit   .   (helmet restricted)
rElec    .         Reflect  .   (no cloak)
rCorr    .         Harm     .   (no gloves)
MR       .....                  (no boots)
Stlth    ++........             F - amulet of faith
HPRegen  0.21/turn              i - +4 ring of evasion
MPRegen  0.14/turn              u - +4 ring of protection

@: no status effects
A: distributed training, fangs 1, horns 1, molten scales 1, dopey 1, sense
surroundings 1, strong nose
a: no special abilities


You were on level 8 of the Dungeon.
You were not hungry.

You visited 2 branches of the dungeon, and saw 9 of its levels.

You collected 362 gold pieces.
You spent 189 gold pieces at shops.

Inventory:

Hand Weapons
 a - a +3 long sword (weapon)
 b - a +1 hand crossbow of flaming
 g - a +0 short sword
 v - a +3 dagger of draining
Missiles
 d - 139 bolts
Armour
 c - a +0 leather armour
 x - a +3 ring mail of poison resistance (worn)
Jewellery
 i - a +4 ring of evasion (left hand)
 j - an uncursed ring of positive energy
 u - a +4 ring of protection (right hand)
 y - a +4 ring of strength
 D - a +2 ring of strength
 E - an uncursed ring of protection from fire
 F - an amulet of faith (around neck)
 J - a +5 ring of strength
Wands
 w - a wand of flame (26)
 K - a wand of digging (13)
Scrolls
 m - a scroll of remove curse
 s - 2 scrolls of enchant armour
 A - 3 scrolls of enchant weapon
 B - 2 scrolls of magic mapping
 C - a scroll of amnesia
 G - 3 scrolls of identify
 I - 2 scrolls of teleportation
Potions
 e - 3 potions of haste
 h - a potion of mutation
 k - a potion of lignification
 l - 4 potions of invisibility
 n - a potion of curing
 o - a potion of agility
 p - a potion of magic
 q - 4 potions of ambrosia
 r - 2 potions of might {unknown}
 t - a potion of cancellation {unknown}
 z - a potion of degeneration {unknown}
 H - a potion of heal wounds {unknown}
 L - a potion of berserk rage
Comestibles
 f - 13 rations


   Skills:
 + Level 6.5 Fighting
 + Level 4.5 Short Blades
 + Level 4.5 Long Blades
 + Level 4.5 Axes
 + Level 4.5 Maces & Flails
 + Level 4.5 Polearms
 + Level 4.5 Staves
 + Level 4.5 Slings
 + Level 4.5 Bows
 + Level 9.7 Crossbows
 + Level 4.5 Throwing
 + Level 4.5 Armour
 + Level 6.5 Dodging
 + Level 5.1 Stealth
 + Level 4.5 Shields
 + Level 4.5 Unarmed Combat
 + Level 4.5 Spellcasting
 + Level 3.7 Conjurations
 + Level 3.7 Hexes
 + Level 3.7 Charms
 + Level 3.7 Summonings
 + Level 3.7 Necromancy
 + Level 3.7 Translocations
 + Level 3.7 Transmutations
 + Level 3.7 Fire Magic
 + Level 3.7 Ice Magic
 + Level 3.7 Air Magic
 + Level 3.7 Earth Magic
 + Level 3.7 Poison Magic
 + Level 5.0 Invocations
 + Level 4.5 Evocations


You had 17 spell levels left.
You didn't know any spells.
Your spell library was empty.

Dungeon Overview and Level Annotations

Branches:
Dungeon (8/15)             Temple (1/1) D:7
   Lair: D:8-11

Altars:
Ashenzari
Cheibriados
Dithmenos
Elyvilon
Fedhas
Gozag
Hepliaklqana
Kikubaaqudgha
Makhleb
Nemelex Xobeh
Okawaru
Qazlal
Sif Muna
Trog
Uskayaw
Vehumet
Wu Jian
Xom
Yredelemnul
Zin
The Shining One

Shops:
D:5 [[   D:8 [


Innate Abilities, Weirdness & Mutations

Your experience applies equally to all skills.
You have very sharp teeth.
Your uncanny sense of smell can sniff out nearby items.
You have a pair of small horns on your head.
You are partially covered in molten scales. (AC +2)
You are dopey. (Int -2)
You passively map a small area around you.


Message History

You hit the kobold demonologist.
The kobold demonologist is heavily wounded.
The iron imp disappears in a puff of smoke!
The hellwing closely misses you. The hellwing misses you.
The kobold demonologist hits you with a dagger.
* * * LOW HITPOINT WARNING * * *
The crimson imp barely misses you.
You riposte.
You hit the crimson imp. You headbutt the crimson imp.
Your bite misses the crimson imp.
The crimson imp is heavily wounded.
Your ring mail prevents you from hitting the kobold demonologist.
You headbutt the kobold demonologist.
The kobold demonologist is heavily wounded.
The hellwing hits you!
* * * LOW HITPOINT WARNING * * *
The hellwing barely misses you. The kobold demonologist misses you.
The crimson imp hits you.
* * * LOW HITPOINT WARNING * * *
It was a potion of magic.
Magic courses through your body. The hellwing hits you!
You die...

......##..##...#.## #..#
......##..##.#.#..# #...
* *##................#
#... ,
.......#....##...## #...
.......#....####.#####...
* .......#.####
#....##... , , **
#...##########.#####
###54.......##.##### * *
#@#######......... #K#
####...... ####K### *
####...... #..KYK.#∆
.......... #...5..#
....#.....# #......#
,...##...... #......# ###
####### #......# #
#......# #


You could see a hellwing, a kobold demonologist, a sky beast, a big kobold, 2
crimson imps and 2 kobolds.

Vanquished Creatures
  A dream sheep (D:5)
  A wyvern (D:7)
  Eustachio (D:6)
  A water moccasin (D:8)
  Duvessa (D:6)
  2 sky beasts
  3 orc warriors
  3 ogres
  2 phantoms
  A big kobold (D:8)
  A bullfrog (D:3)
  Dowan (D:6)
  A water moccasin zombie (D:8)
  A scorpion (D:6)
  4 killer bees (D:5)
  A howler monkey (D:5)
  A crimson imp (D:6)
  2 orc priests (D:6)
  A centaur skeleton (D:4)
  A hound (D:4)
  2 iguanas (D:6)
  5 orc wizards
  6 worker ants
  A worker ant zombie (D:8)
  11 adders
  A howler monkey zombie (D:5)
  4 gnolls (D:6)
  2 shadow imps (D:5)
  2 oozes
  2 adder skeletons
  5 worms
  3 dart slugs
  4 leopard geckos
  29 orcs
  3 ball pythons (D:5)
  8 bats
  3 giant cockroaches
  11 goblins
  3 hobgoblins
  6 jackals
  11 kobolds
  4 quokkas
  4 frilled lizards
  A leopard gecko skeleton (D:8)
  A quokka skeleton (D:4)
  10 rats
172 creatures vanquished.

Vanquished Creatures (others)
  4 dream sheep (D:5)
4 creatures vanquished.

Grand Total: 176 creatures vanquished

Notes
Turn   | Place    | Note
-------+----------+-------------------------------------------
     0 | D:1      | emperorscorpion the Gnoll Hunter began the quest for the Orb.
     0 | D:1      | Reached XP level 1. HP: 20/20 MP: 1/1
   101 | D:1      | Found a glowing golden altar of the Shining One.
   129 | D:1      | Reached XP level 2. HP: 26/26 MP: 2/2
   692 | D:2      | Reached XP level 3. HP: 31/31 MP: 3/3
   713 | D:2      | Reached skill level 1 in Invocations
   869 | D:2      | Reached skill level 1 in Short Blades
   869 | D:2      | Reached skill level 1 in Long Blades
   869 | D:2      | Reached skill level 1 in Axes
   869 | D:2      | Reached skill level 1 in Maces & Flails
   869 | D:2      | Reached skill level 1 in Polearms
   869 | D:2      | Reached skill level 1 in Staves
   869 | D:2      | Reached skill level 1 in Slings
   869 | D:2      | Reached skill level 1 in Bows
   869 | D:2      | Reached skill level 1 in Throwing
   869 | D:2      | Reached skill level 1 in Armour
   869 | D:2      | Reached skill level 1 in Shields
   869 | D:2      | Reached skill level 1 in Unarmed Combat
   869 | D:2      | Reached skill level 1 in Spellcasting
   869 | D:2      | Reached skill level 1 in Evocations
   948 | D:2      | Reached XP level 4. HP: 38/38 MP: 5/5
  1217 | D:2      | Found an opulent altar of Gozag.
  1553 | D:3      | Reached skill level 1 in Conjurations
  1553 | D:3      | Reached skill level 1 in Hexes
  1553 | D:3      | Reached skill level 1 in Charms
  1553 | D:3      | Reached skill level 1 in Summonings
  1553 | D:3      | Reached skill level 1 in Necromancy
  1553 | D:3      | Reached skill level 1 in Translocations
  1553 | D:3      | Reached skill level 1 in Transmutations
  1553 | D:3      | Reached skill level 1 in Fire Magic
  1553 | D:3      | Reached skill level 1 in Ice Magic
  1553 | D:3      | Reached skill level 1 in Air Magic
  1553 | D:3      | Reached skill level 1 in Earth Magic
  1553 | D:3      | Reached skill level 1 in Poison Magic
  1756 | D:3      | Found a radiant altar of Vehumet.
  1826 | D:3      | Noticed a bullfrog
  1846 | D:3      | Killed a bullfrog
  1846 | D:3      | Reached XP level 5. HP: 16/43 MP: 5/7
  2638 | D:4      | Reached XP level 6. HP: 32/50 MP: 8/8
  3365 | D:4      | Reached skill level 5 in Fighting
  3365 | D:4      | Reached skill level 5 in Dodging
  3814 | D:5      | Entered Level 5 of the Dungeon
  3821 | D:5      | Found Quryu's Antique Armour Shop.
  3824 | D:5      | Bought a shiny ring mail for 189 gold pieces
  4050 | D:5      | Found a deep blue altar of Sif Muna.
  4121 | D:5      | Found a shimmering altar of Xom.
  4122 | D:5      | Found a hazy altar of Hepliaklqana.
  4123 | D:5      | Noticed a spectral ugly thing
  4165 | D:5      | Gained mutation: You are dopey. (Int -2) [potion of mutation]
  4165 | D:5      | Gained mutation: You passively map a small area around you. [potion of mutation]
  4165 | D:5      | Gained mutation: You have a pair of small horns on your head. [potion of mutation]
  4165 | D:5      | Gained mutation: You are partially covered in molten scales. (AC +2) [potion of mutation]
  4171 | D:5      | Reached XP level 7. HP: 56/56 MP: 10/10
  4548 | D:5      | Found Deriq's Antique Armour Emporium.
  4581 | D:5      | Reached skill level 9 in Crossbows
  4690 | D:5      | Found a shattered altar of Ashenzari.
  4742 | D:5      | Found a basalt altar of Yredelemnul.
  4794 | D:5      | Found a white marble altar of Elyvilon.
  5051 | D:5      | Found a shimmering altar of Xom.
  5051 | D:5      | Noticed a dream sheep
  5051 | D:5      | Noticed a dream sheep
  5051 | D:5      | Noticed a dream sheep
  5051 | D:5      | Noticed a dream sheep
  5051 | D:5      | Noticed a dream sheep
  5054 | D:5      | Killed a dream sheep
  5054 | D:5      | Killed a dream sheep
  5054 | D:5      | Killed a dream sheep
  5054 | D:5      | Reached XP level 8. HP: 63/63 MP: 12/12
  5054 | D:5      | Killed a dream sheep
  5055 | D:5      | Killed a dream sheep
  5223 | D:6      | Noticed Eustachio
  5244 | D:6      | Killed Eustachio
  5597 | D:6      | Noticed Duvessa
  5597 | D:6      | Noticed Dowan
  5631 | D:6      | Killed Duvessa
  5631 | D:6      | Reached XP level 9. HP: 50/69 MP: 14/14
  5662 | D:6      | Killed Dowan
  6166 | D:6      | Found a blossoming altar of Fedhas.
  6308 | D:7      | Found a staircase to the Ecumenical Temple.
  6315 | Temple   | Entered the Ecumenical Temple
  6499 | D:7      | Identified a scroll of acquirement
  7052 | D:8      | Found Zunus's Antique Armour Shoppe.
  7079 | D:8      | Reached skill level 5 in Stealth
  7248 | D:8      | Noticed a meliai
  7275 | D:8      | Noticed a tengu warrior
  7321 | D:8      | Found a shadowy altar of Dithmenos.
  7335 | D:8      | Found a snail-covered altar of Cheibriados.
  7406 | D:8      | Noticed a kobold demonologist
  7412 | D:8      | Noticed a sixfirhy
  7419 | D:8      | Reached skill level 5 in Invocations
  7429 | D:8      | Noticed a hellwing
  7434 | D:8      | Slain by a hellwing

Vault maps used:
D:1:      minmay_arrival_solitary_statue, tso_metal_star
D:2:      overflow_temple_1_default, first_ration, serial_forest,
          infiniplex_forest_lined_room_3, infiniplex_forest_straight_2,
          infiniplex_forest_clump_small, infiniplex_forest_lined_room_2,
          infiniplex_forest_lined_3, infiniplex_forest_clump_long
D:3:      lemuel_doored_altar, minmay_surrounded
D:4:      grunt_ministairs_9
D:5:      kennysheep_spiral_hall, kennysheep_ying_yang,
          regret_index_temple_of_mockery, nicolae_overflow_hidden_temple,
          cheibrodos_ashenzari_chains, serial_shops, nicolae_shop_behind_doors,
          nicolae_shop_behind_doors, portal_sewer_entry_b,
          kb_xom_exploding_sheep
D:6:      lemuel_round_altar, uniq_duvessa, uniq_eustachio
D:7:      minmay_temple_entry_overgrown, due_unseen_surprise
D:8:      minitemple, serial_shops, shop, minivault_12
Temple:   compressed_dpeg_triangle_lava_temple

Skill      XL: |  1  2  3  4  5  6  7  8  9 |
---------------+----------------------------+-----
Invocations    | 1 2 3 4 5 |  5.0
Short Blades   | 1 2 3 4 |  4.5
Long Blades    | 1 2 3 4 |  4.5
Axes           | 1 2 3 4 |  4.5
Maces & Flails | 1 2 3 4 |  4.5
Polearms       | 1 2 3 4 |  4.5
Staves         | 1 2 3 4 |  4.5
Slings         | 1 2 3 4 |  4.5
Bows           | 1 2 3 4 |  4.5
Throwing       | 1 2 3 4 |  4.5
Armour         | 1 2 3 4 |  4.5
Shields        | 1 2 3 4 |  4.5
Unarmed Combat | 1 2 3 4 |  4.5
Spellcasting   | 1 2 3 4 |  4.5
Evocations     | 1 2 3 4 |  4.5
Conjurations   | 1 2 3 |  3.7
Hexes          | 1 2 3 |  3.7
Charms         | 1 2 3 |  3.7
Summonings     | 1 2 3 |  3.7
Necromancy     | 1 2 3 |  3.7
Translocations | 1 2 3 |  3.7
Transmutations | 1 2 3 |  3.7
Fire Magic     | 1 2 3 |  3.7
Ice Magic      | 1 2 3 |  3.7
Air Magic      | 1 2 3 |  3.7
Earth Magic    | 1 2 3 |  3.7
Poison Magic   | 1 2 3 |  3.7
Stealth        | 3 4 5 |  5.1
Fighting       | 5 6 |  6.5
Dodging        | 5 6 |  6.5
Crossbows      | 9 |  9.7

Action                   |  1- 3 |  4- 6 |  7- 9 || total
-------------------------+-------+-------+-------++-------
Melee: Short sword       |    37 |       |       ||    37
       Bite              |     3 |    17 |    33 ||    53
       Dagger            |    52 |   140 |     5 ||   197
       Punch             |       |     3 |     6 ||     9
       Long sword        |       |    35 |   202 ||   237
       Headbutt          |       |     2 |    60 ||    62
 Fire: Hand crossbow     |       |       |   121 ||   121
  Use: Scroll            |       |     9 |     8 ||    17
       Potion            |       |     2 |     1 ||     3
 Stab: Sleeping          |     5 |     6 |       ||    11
  Eat: Chunk             |       |    10 |    11 ||    21
Armor: Leather armour    |    13 |    16 |       ||    29
       Ring mail         |       |    11 |    93 ||   104
Dodge: Dodged            |    68 |   159 |   224 ||   451
       Rpst.: Long sword |       |    15 |    50 ||    65

Table legend:
 A = Spawn XP
 B = Non-spawn XP
 C = Spawn XP percentage of total XP
 D = Spawn monster count
 E = Non-spawn monster count
 F = Spawn count percentage of total count
 G = Total turns spent on level
                    A         B        C        D         E        F      G
               +---------+---------+-------+---------+---------+-------+---------
         Total |       0 |    4224 |   0.0 |       0 |     174 |   0.0 |  7434
               +---------+---------+-------+---------+---------+-------+---------
           D:1 |       0 |      25 |   0.0 |       0 |      12 |   0.0 |   608
           D:2 |       0 |      92 |   0.0 |       0 |      29 |   0.0 |   812
           D:3 |       0 |     154 |   0.0 |       0 |      27 |   0.0 |  1131
           D:4 |       0 |     216 |   0.0 |       0 |      16 |   0.0 |  1263
           D:5 |       0 |    1091 |   0.0 |       0 |      31 |   0.0 |  1580
           D:6 |       0 |    1515 |   0.0 |       0 |      33 |   0.0 |   906
           D:7 |       0 |     449 |   0.0 |       0 |      12 |   0.0 |   530
           D:8 |       0 |     682 |   0.0 |       0 |      14 |   0.0 |   456
               +---------+---------+-------+---------+---------+-------+---------
